[Event "*** Titled Tuesday Blitz"]
[Site "Chess.com"]
[Date "2018.06.05"]
[Round "2"]
[White "SamCopeland"]
[Black "CarlssonLudvig"]
[Result "1-0"]
[WhiteElo "2028"]
[BlackElo "2067"]
[TimeControl "180+2"]
[EndTime "13:25:48 PDT"]
[Termination "SamCopeland won by resignation"]

1. e4 e5 2. Nf3 Nc6 3. Bc4 Bc5 4. b4 Bxb4 5. c3 Ba5 6. d4 b5 7. Bxb5 Nxd4 8. Bc4 Nxf3+ 9. Qxf3 Qf6 10. Qd3 Ne7 11. Ba3 O-O 12. Bxe7 Qxe7 13. Qd5 Bb6 14. Qxa8 c6 15.
O-O Qc5 16. Be2 d6 17. Nd2 Qxc3 18. Rac1 Qxd2 19. Qxc6 Be6 20. Bc4 Bxf2+ 21. Kh1 Bxc4 22. Rxc4 Bc5 23. Qd5 Qe2 24. Rcc1 h6 25. Rb1 Qg4 26. Rb7 Qg6 27. Qb3 Qe6 28. Qxe6 fxe6 29. Rxf8+ Kxf8 30.
g3 d5 31. Kg2 dxe4 32. Kf1 e3 33. Ke2 Bd4 34. a4 Bc5 35. a5 Bd4 36. a6 Bc5 37. Kd3 Bd4 38. h4 Bc5 39. h5 Kg8 40. g4 Kf8 41.
Ke2 Bd4 42. Kf3 Bc5 43. Rc7 Bd4 44. Rc8+ Kf7 45. Rc7+ Kf6 46. Rb7 Bc5 47. Rc7 Bd4 48. Rb7 e4+ 49. Ke2 Kg5 50. Re7 e5 51. Rxg7+ Kf4 52.
Rg6 Bc5 53. Rxh6 Kxg4 54. Rc6 Bd4 55. h6 1-0

[Event "*** Titled Tuesday Blitz"]
[Site "Chess.com"]
[Date "2018.06.05"]
[Round "2"]
[White "NikolaGry"]
[Black "Galileo22"]
[Result "1-0"]
[WhiteElo "2578"]
[BlackElo "2321"]
[TimeControl "180+2"]
[EndTime "13:25:49 PDT"]
[Termination "NikolaGry won by checkmate"]

1. e4 c5 2. Nf3 d6 3. Bb5+ Bd7 4. c4 Nf6 5. Nc3 Nc6 6. O-O e5 7. d3 Be7 8. Bg5 O-O 9. Bxf6 Bxf6 10. Nd5 g6 11. a3 Bg7 12. b4 a6 13. Ba4 b6 14.
bxc5 bxc5 15. Rb1 Ra7 16. Rb6 Qc8 17. Qd2 Kh8 18. Rfb1 f5 19. Bxc6 Bxc6 20. Qb2 Bxd5 21. cxd5 Qd8 22. Rb8 Qe7 23. Rxf8+ Bxf8 24. Nd2 Kg7 25.
Nc4 f4 26. h3 h5 27. Qb8 Rd7 28. Na5 f3 29. Rb7 fxg2 30. Rxd7 Qxd7 31. Qb7 Qxb7 32.
Nxb7 Kf7 33. Kxg2 Be7 34. Na5 Ke8 35. Nc4 Kd7 36. Kg3 Kc7 37. f4 exf4+ 38. Kxf4 Kd7 39. e5 g5+ 40. Ke4 dxe5 41. Nxe5+ Kd6 42. Nc4+ Kd7 43. Kf5 Bd8 44. d6 Kc6 45. Ke6 g4 46. hxg4 hxg4 47. Ne5+ Kb7 48. Nxg4 a5 49. Kd7 Bg5 50. a4 Kb6 51.
Ne5 Bf6 52. Nc4+ Ka6 53. Kc6 Bd4 54. d7 Bf6 55. Kc7 Ka7 56. d8=Q Bxd8+ 57. Kxd8 Kb8 58.
Kd7 Kb7 59. Kd6 Ka6 60. Kxc5 Kb7 61. Nxa5+ Kc7 62. Nc4 Kd7 63. d4 Ke6 64. d5+ Kd7 65.
a5 Kc7 66. a6 Kb8 67. Kb6 Ka8 68. d6 Kb8 69. d7 Ka8 70. d8=Q# 1-0

[Event "*** Titled Tuesday Blitz"]
[Site "Chess.com"]
[Date "2018.06.05"]
[Round "2"]
[White "Alopekos"]
[Black "plouarzel"]
[Result "1/2-1/2"]
[WhiteElo "2362"]
[BlackElo "2420"]
[TimeControl "180+2"]
[EndTime "13:25:49 PDT"]
[Termination "Game drawn by repetition"]

1. e4 d6 2. d4 Nf6 3. Nc3 e5 4. Nf3 Nbd7 5. Bc4 exd4 6. Nxd4 Nb6 7. Bd3 Be7 8. O-O O-O 9. a4 a5 10. Re1 c6 11. Qf3 d5 12. e5 Ne8 13. Nf5 Bxf5 14. Qxf5 g6 15. Qh3 Ng7 16. Bh6 f6 17. e6 Nc8 18. Ne2 Nd6 19. Nf4 f5 20. Rad1 Re8 21. c4 d4 22. c5 Nc8 23. Bc4 b5 24. axb5 cxb5 25. Bxb5 Rf8 26. Bc4 Na7 27. Qg3 Qe8 28. Nd5 Rc8 29. Nxe7+ Qxe7 30. Bg5 Qxc5 31. e7+ Qxc4 32.
exf8=Q+ Rxf8 33. Re7 Nc6 34. Rc7 Ne6 35. Rc1 f4 36. Bxf4 Nxf4 37. Qxf4 Qd5 38. Qd2 Ne5 39. R7c5 Qd6 40. Rxa5 Ng4 41. g3 Rxf2 42. Ra8+ Kg7 43. Ra7+ Kf6 44. Rf1 Rxf1+ 45. Kxf1 d3 46. Qc3+ Kg5 47.
Ra5+ Kh6 48. Qd2+ Kg7 49. Ra7+ Kg8 50. Ra3 Ne5 51. Ra8+ Kg7 52. Ra7+ Kg8 53. Ra8+ Kg7 54. Qf4 d2 55. Ra7+ Kg8 56. Ra8+ Kg7 57. Ra7+ Kh8 58.
Ra8+ Kg7 59. Ra7+ 1/2-1/2

[Event "*** Titled Tuesday Blitz"]
[Site "Chess.com"]
[Date "2018.06.05"]
[Round "2"]
[White "orrbaverlekszarnyon"]
[Black "littleplotkin"]
[Result "1-0"]
[WhiteElo "2389"]
[BlackElo "2373"]
[TimeControl "180+2"]
[EndTime "13:25:50 PDT"]
[Termination "orrbaverlekszarnyon won on time"]

1. e4 g6 2. d4 Bg7 3. Nc3 d6 4.
Be3 Nf6 5. Qd2 O-O 6. O-O-O c6 7. f3 b5 8. h4 a5 9. h5 a4 10. hxg6 fxg6 11. Bh6 Rf7 12. Nh3 b4 13. Ne2 b3 14.
cxb3 axb3 15. a3 Bxh6 16. Qxh6 Qa5 17. Nef4 Bxh3 18. Rxh3 e5 19. Nxg6 exd4 20. Ne7+ Kh8 21. Rg3 Qc5+ 22. Kd2 Nxe4+ 23. Ke1 Qa5+ 24. Rd2 Qxd2+ 25.
Qxd2 Nxg3 26. Qxd4+ Rg7 27. Qxd6 Na6 28. Bxa6 Re8 29. Bc4 Rgxe7+ 30. Kd2 Nf5 31. Qf6+ Ng7 32. Kc3 Re3+ 33. Kb4 Rb8+ 34. Kc5 Rbe8 35. a4 R3e5+ 36. Kb4 c5+ 37. Kxb3 Re3+ 38. Ka2 Ra8 39. b3 Re1 40.
Kb2 Rg1 41. g4 Rg2+ 42. Kc3 Re8 43. a5 Re3+ 44. Bd3 Re8 45. a6 Ra2 46. Qc6 Rf8 47.
Qxc5 Rd8 48. Qc7 Ne6 49. Qe7 Rc8+ 50. Kb4 Ng7 51. a7 Ra1 52. Be4 Rg8 53. a8=Q 1-0

[Event "*** Titled Tuesday Blitz"]
[Site "Chess.com"]
[Date "2018.06.05"]
[Round "2"]
[White "Aleksandr_Kholin"]
[Black "AlexTruskavetsky"]
[Result "1-0"]
[WhiteElo "2425"]
[BlackElo "2284"]
[TimeControl "180+2"]
[EndTime "13:25:53 PDT"]
[Termination "Aleksandr_Kholin won by resignation"]

1. d4 Nf6 2. c4 g6 3. Nc3 d5 4.
Nf3 Bg7 5. Bg5 Ne4 6. Bf4 Nxc3 7. bxc3 c5 8. cxd5 cxd4 9. cxd4 Qxd5 10. e3 O-O 11. Be2 Qa5+ 12. Qd2 Qxd2+ 13. Nxd2 Nc6 14. O-O e5 15. dxe5 Nxe5 16. Rab1 b6 17. Rfc1 Bf5 18.
e4 Be6 19. a3 Rac8 20. Ba6 Rcd8 21. Rc7 Nd3 22. Be3 Nc5 23. Bb5 Bc3 24. Bxc5 bxc5 25. Nf3 Ba5 26. Rxa7 Ra8 27. Rxa8 Rxa8 28. h4 c4 29. Nd4 c3 30. Nxe6 fxe6 31. Rc1 Rd8 32. Kf1 Rd2 33. Bc4 Kf7 34. Bb3 Kf6 35. g3 Ke5 36.
Rc2 Rd4 37. Re2 Rd2 38. Rxd2 cxd2 39. Ke2 Kxe4 40. Bxe6 Kd4 41. Bg8 h6 42. Bf7 g5 43.
hxg5 hxg5 44. Be8 Kc3 45. Kd1 Bc7 46. a4 Kd3 47. Bb5+ Kc3 48. Bc6 Bb6 49. f3 Bc7 50. f4 gxf4 51. g4 Kd3 52. g5 Kc4 53. g6 Be5 54. Kxd2 Kc5 55. Be8 Kb4 56. Ke2 Bg7 57. Kf3 Kc5 58. Kxf4 Kd6 59. Kf5 Ke7 60. Bb5 Bd4 61. Bc4 Kf8 62. a5 Kg7 63. a6 Bc5 64. Bf7 Bd4 65. Ke6 Be3 66. Kd7 Bf2 67. Kc6 Be3 68.
Kb7 Bf2 69. a7 Bxa7 70. Kxa7 Kf6 71. Kb7 Kg7 72. Kc6 Kf6 73. Kd6 Kg7 74. Ke7 Kh8 75.
Bb3 Kg7 76. Bc2 Kh8 77. Kf6 Kg8 78. Bb3+ 1-0

[Event "*** Titled Tuesday Blitz"]
[Site "Chess.com"]
[Date "2018.06.05"]
[Round "2"]
[White "Orest_Vovk"]
[Black "Jbd735"]
[Result "0-1"]
[WhiteElo "2403"]
[BlackElo "2378"]
[TimeControl "180+2"]
[EndTime "13:25:54 PDT"]
[Termination "Jbd735 won by checkmate"]

1. g4 d5 2. h3 e5 3. Bg2 Nc6 4.
c4 Be6 5. Nc3 d4 6. Nd5 Nge7 7.
Nxe7 Bxe7 8. Bxc6+ bxc6 9. Qa4 Qd6 10. d3 O-O 11. Nf3 c5 12. Ng5 Bd7 13. Qa3 Bc6 14. f3 Qg6 15. Ne4 f5 16. gxf5 Qg2 17. Nf2 Rxf5 18. Bd2 Bxf3 19. exf3 Rxf3 20. Rf1 Raf8 21.
O-O-O Rxf2 22. Rxf2 Rxf2 23. Qxa7 Rxd2 24. Rxd2 Bg5 25.
Qb8+ Kf7 26. Qxc7+ Kg6 27. Qa5 Qxh3 28. Kc2 Bxd2 29.
Qxd2 h5 30. Qe2 Qg3 31. Qe4+ Kg5 32. Qh7 g6 33. Qe7+ Kg4 34. Qe6+ Kf3 35. Qd5+ Kf2 36. Qh1 h4 37. a4 h3 38. a5 Qg2 39. Qd1 h2 40. Kb3 h1=Q 41. Qd2+ Kg3 42. Qg5+ Kf2 43. Qxe5 Qd1+ 44. Ka3 Qxd3+ 45. b3 Qgf3 46. Qh2+ Ke3 47. Qg1+ Kd2 48. Qh2+ Qde2 49. Qh6+ Qfe3 50. Qxg6 Qc3 51. Qg5+ Kc2 52. Qf5+ d3 53. Qxc5 Qxb3# 0-1

[Event "*** Titled Tuesday Blitz"]
[Site "Chess.com"]
[Date "2018.06.05"]
[Round "2"]
[White "TrimitziosP7"]
[Black "carlesdc96"]
[Result "1/2-1/2"]
[WhiteElo "2754"]
[BlackElo "2551"]
[TimeControl "180+2"]
[EndTime "13:25:56 PDT"]
[Termination "Game drawn by repetition"]

1. Nf3 Nf6 2. c4 e6 3. g3 d5 4. Bg2 dxc4 5. Qa4+ Bd7 6. Qxc4 c5 7. Ne5 Qc8 8. Nxd7 Qxd7 9. O-O Nc6 10. d3 Rc8 11. Nc3 Be7 12. Qb3 O-O 13. Be3 b6 14. Rfd1 Rfd8 15. Rac1 Nd5 16. Nxd5 exd5 17. d4 c4 18. Qc2 b5 19. h4 Bf6 20. Qd2 Re8 21. Kh2 Rcd8 22.
a3 Qc7 23. Bf4 Qb6 24. e3 Na5 25. Qc2 Nb3 26. Rb1 a5 27. Qf5 g6 28. Qg4 Qe6 29. Qf3 Qe7 30. Qe2 Nxd4 31. Qf1 Nc6 32. Bxd5 Ne5 33. a4 bxa4 34. Bxe5 Bxe5 35. Qxc4 Rb8 36.
Qxa4 Rb4 37. Qxa5 Bxb2 38. Kg2 Reb8 39. Qa2 Kg7 40. Rd2 Bc3 41. Rxb4 Rxb4 42. Rc2 Be5 43. e4 Bd6 44. Re2 Be5 45. Qd2 Rb2 46. Qe3 Rxe2 47. Qxe2 Bd6 48. f4 f6 49. Qa6 Qc7 50. Qa4 Qe7 51. Qa8 Qf8 52. Qc6 Qe7 53. Kf3 Qd8 54. g4 Qc7 55. g5 Qxc6 56. Bxc6 fxg5 57. e5 Be7 58. hxg5 h6 59. gxh6+ Kxh6 60. Kg4 Kg7 61. Be4 Bb4 62. Bd3 Be7 63. Kf3 Bb4 64. Ke4 Bd2 65. Kf3 Bc1 66. Kg4 Ba3 67.
Bc4 Be7 68. Kf3 Ba3 69. Ke4 Bc1 70. f5 gxf5+ 71. Kxf5 Ba3 72. e6 Kf8 73. Ke5 Ke7 74. Kd5 Bd6 75. Bb5 Bh2 76. Bd7 Bd6 77. Ke4 Bh2 78. Kf3 Bd6 79. Kg2 Bc7 80. Kf1 Bd6 81. Ke2 Bc7 82. Kf3 Bd6 83. Ke4 Bc7 84. Kd5 Bd6 85.
Kc6 Bg3 86. Kb5 Bd6 87. Kc4 Bh2 88. Kd4 Be5+ 89. Ke4 Bd6 90. Kd5 Bc7 91. Kd4 Bd6 92. Ke4 Bc7 93. Kf5 Bd6 94. Ke4 Bc7 95. Kd5 Bd6 96. Kc6 Bh2 97. Kb7 Bg3 98. Kc8 Bh2 99.
Kb7 Bg3 100. Kc6 Bh2 101. Kd5 Bd6 102. Ke4 1/2-1/2

[Event "*** Titled Tuesday Blitz"]
[Site "Chess.com"]
[Date "2018.06.05"]
[Round "2"]
[White "Dr-Bassem"]
[Black "GoingKronos"]
[Result "1-0"]
[WhiteElo "2680"]
[BlackElo "2335"]
[TimeControl "180+2"]
[EndTime "13:26:00 PDT"]
[Termination "Dr-Bassem won by resignation"]

1. e4 e6 2. d3 d5 3. Nd2 Nf6 4. Ngf3 c5 5. g3 g6 6. Bg2 Bg7 7. O-O O-O 8. c3 Nc6 9. Re1 a5 10. a4 b6 11. Nb1 Ba6 12. e5 Ng4 13. Bf4 f6 14. exf6 Qxf6 15. h3 Nh6 16. Na3 Rae8 17. Nb5 Bxb5 18. axb5 Na7 19. Qd2 Nf7 20. Ne5 Nxe5 21.
Bxe5 Qf5 22. Bxg7 Kxg7 23. c4 Nc8 24. f4 Nd6 25. Re5 Qf7 26. b3 Nf5 27. Kh2 Nd4 28. Qb2 Rd8 29. Rae1 Qf6 30. h4 Rfe8 31. Kh1 Kg8 32.
cxd5 Kg7 33. dxe6 Rxe6 34. Rxe6 Nxe6 35. Qe2 Nd4 36. Qe7+ Qxe7 37. Rxe7+ Kf6 38. Rxh7 Re8 39. Be4 Nxb3 40. Rb7 c4 41. Rxb6+ Kg7 42. Rxg6+ Kf7 43. Rc6 Nd2 44. Bd5+ Kg7 45. dxc4 a4 46. Ra6 Re2 47.
Rxa4 Kf6 48. Bg2 Kf5 49. c5 Kg4 50. Ra3 Nc4 51. Bf3+ Kxg3 52. Bxe2+ Nxa3 53. Bd3 Kxf4 54. b6 1-0

[Event "*** Titled Tuesday Blitz"]
[Site "Chess.com"]
[Date "2018.06.05"]
[Round "2"]
[White "Shivagami"]
[Black "Chiinaldo"]
[Result "0-1"]
[WhiteElo "2064"]
[BlackElo "2200"]
[TimeControl "180+2"]
[EndTime "13:26:04 PDT"]
[Termination "Chiinaldo won by resignation"]

1. d4 d5 2. Bf4 Nf6 3. e3 e6 4.
Nd2 c5 5. c3 Nc6 6. Ngf3 Bd6 7.
Bg3 O-O 8. Bd3 b6 9. Qe2 Bb7 10. Rd1 Qc7 11. a3 e5 12. dxe5 Nxe5 13. Nxe5 Bxe5 14.
Nf3 Bd6 15. Qc2 Rad8 16. Bh4 Qe7 17. Bxh7+ Kh8 18. Bd3 d4 19. cxd4 Bxf3 20. gxf3 cxd4 21. Qe2 Qe5 22. Bb1 dxe3 23. fxe3 Rfe8 24. Bf2 Nd5 25. Qd3 Nf6 26. Qc2 Bc5 27. Rxd8 Rxd8 28. Qe2 Re8 29. e4 Nh5 30. Bg3 Qg5 31. Bf2 Qc1+ 32. Qd1 Bxf2+ 33. Kxf2 Qxb2+ 34. Qe2 Qd4+ 35. Qe3 Qb2+ 36.
Qe2 Qe5 37. Qe3 Rd8 38. Qe2 Nf4 39. Qc2 Nd3+ 40. Kf1 Qf4 41. Qe2 Nc1 42. Qg2 Rd1+ 43. Kf2 Rd2+ 44. Kf1 Rxg2 45. Kxg2 Qg5+ 46. Kf2 Qd2+ 47.
Kg3 Ne2+ 48. Kh3 Nf4+ 49. Kg3 g5 50. Rg1 Ne2+ 0-1

[Event "*** Titled Tuesday Blitz"]
[Site "Chess.com"]
[Date "2018.06.05"]
[Round "2"]
[White "GrigorGrigorov"]
[Black "W_Amadeus"]
[Result "1/2-1/2"]
[WhiteElo "2677"]
[BlackElo "2508"]
[TimeControl "180+2"]
[EndTime "13:26:06 PDT"]
[Termination "Game drawn - insufficient material"]

1. d4 Nf6 2. Nf3 d5 3. c4 e6 4. g3 Bb4+ 5. Bd2 Be7 6. Bg2 O-O 7. O-O c6 8. Qc2 Nbd7 9. Rd1 b6 10. b3 Bb7 11.
Nc3 Rc8 12. e4 dxe4 13. Nxe4 c5 14. Nxf6+ Bxf6 15. Ng5 Bxg5 16. Bxb7 Rc7 17. Bxg5 Qxg5 18. dxc5 Nxc5 19. Bg2 g6 20. Qd2 Qxd2 21. Rxd2 Rfc8 22. Rad1 Kf8 23. f4 Ke7 24. Kf2 a5 25. Ke3 Rd7 26.
Rxd7+ Nxd7 27. Bf1 Rd8 28. Be2 Nc5 29. Rxd8 Kxd8 30.
g4 h6 31. h4 Ke7 32. g5 hxg5 33. hxg5 Kd6 34. Kd4 Nd7 35. Bf3 f6 36. gxf6 Nxf6 37. Be4 Nd7 38. Bxg6 e5+ 39. fxe5+ Nxe5 40. Be4 Nd7 41.
Bg2 Nf6 42. Bf3 Nd7 43. Bg4 Nc5 44. Bf5 Na6 45. a3 Nc5 46. b4 axb4 47. axb4 Na6 48. Kc3 Nc7 49. Be4 Ne6 50. Bd5 Nf4 51. Bg8 Ng6 52. Kd4 Ne7 53. Bd5 Nf5+ 54. Ke4 Ne7 55. Ba8 Ng6 56. Kf5 Ne5 57. c5+ bxc5 58. bxc5+ Kxc5 59. Kxe5 1/2-1/2

[Event "*** Titled Tuesday Blitz"]
[Site "Chess.com"]
[Date "2018.06.05"]
[Round "2"]
[White "Tibmat"]
[Black "cukus"]
[Result "1-0"]
[WhiteElo "2397"]
[BlackElo "2362"]
[TimeControl "180+2"]
[EndTime "13:26:06 PDT"]
[Termination "Tibmat won on time"]

1. Nf3 c5 2. c4 Nf6 3. b3 g6 4.
Bb2 Bg7 5. g3 O-O 6. Bg2 Nc6 7.
O-O b6 8. d4 cxd4 9. Nxd4 Bb7 10. Nc3 Rc8 11. Rc1 d6 12. Qd2 Qd7 13. Rfd1 Nxd4 14.
Qxd4 Bxg2 15. Kxg2 Qb7+ 16. f3 Nd7 17. Qd2 Nf6 18.
e4 Rfd8 19. Re1 e6 20. Rcd1 a6 21. a4 Qc6 22. Ne2 d5 23. cxd5 exd5 24. e5 Nd7 25.
Nd4 Qc7 26. e6 Nc5 27. exf7+ Qxf7 28. Re3 Re8 29. Rde1 Rxe3 30. Qxe3 Rf8 31. Qe7 Bxd4 32. Qxf7+ Kxf7 33. Bxd4 Nxb3 34. Bxb6 Re8 35. Rxe8 Kxe8 36. Kf2 Nd2 37. Ke2 Nc4 38. Bc5 Kd7 39. Kd3 Nb2+ 40. Kd4 Nxa4 41. Bb4 Kc6 42. f4 Nb6 43. g4 Nc4 44. f5 gxf5 45. gxf5 Nd6 46. Ke5 Nxf5 47. Kxf5 Kb5 48. Bd2 Kc4 49. Ke5 d4 50. Ke4 h5 51.
h4 Kc5 52. Kd3 Kd5 53. Be1 1-0

[Event "*** Titled Tuesday Blitz"]
[Site "Chess.com"]
[Date "2018.06.05"]
[Round "2"]
[White "GM_dmitrij"]
[Black "kuli4ik"]
[Result "1-0"]
[WhiteElo "2673"]
[BlackElo "2678"]
[TimeControl "180+2"]
[EndTime "13:26:07 PDT"]
[Termination "GM_dmitrij won by resignation"]

1. e4 c6 2. d4 d5 3. e5 Bf5 4. h4 Qb6 5. h5 c5 6. dxc5 Qxc5 7.
Bd3 Bxd3 8. Qxd3 e6 9. Nc3 Nc6 10. Nf3 Nge7 11. Be3 Qa5 12. O-O-O Nf5 13. Kb1 Nxe3 14.
fxe3 Bb4 15. Nb5 O-O-O 16. Nbd4 h6 17. Rhf1 Rd7 18. Nxc6 bxc6 19. Nd4 Qb6 20. c3 Bc5 21.
Rf3 Kb8 22. Rdf1 Bxd4 23. cxd4 Qc7 24. Rc1 Ka8 25. Rf2 Qb7 26. Rfc2 Rc7 27. Ka1 Qc8 28. Rc5 Qd7 29. Qa6 Rhc8 30. b4 Kb8 31. R1c3 Rb7 32.
Qa4 Rb6 33. Qa5 f5 34. exf6 gxf6 35. a4 e5 36. b5 exd4 37. exd4 Qg4 38. Qb4 Re8 39.
Rxc6 Re1+ 40. Kb2 Qe2+ 41. Rc2 Qe7 42. R6c5 Re2 43. Qc3 Rxc2+ 44. Qxc2 Re6 45. Ka3 Re3+ 46. Kb4 Re4 47. Qd3 Qe5 48. Qc3 Qxd4+ 49. Qxd4 Rxd4+ 50. Ka5 Rd2 51. Ka6 Rxg2 52. Rxd5 Re2 53. Rd8+ Kc7 54.
Rf8 Re5 55. Kxa7 Rxh5 56. b6+ 1-0

[Event "*** Titled Tuesday Blitz"]
[Site "Chess.com"]
[Date "2018.06.05"]
[Round "2"]
[White "pKiLz5Rn9b"]
[Black "nihalsarin"]
[Result "1-0"]
[WhiteElo "2637"]
[BlackElo "2749"]
[TimeControl "180+2"]
[EndTime "13:26:08 PDT"]
[Termination "pKiLz5Rn9b won by resignation"]

1. b3 e5 2. Bb2 Nc6 3. e3 g6 4.
d4 exd4 5. Nf3 Bg7 6. Nxd4 Nxd4 7. Bxd4 Nf6 8. c4 O-O 9. Nc3 d6 10. Nd5 Nxd5 11. cxd5 c5 12. dxc6 bxc6 13. Bxg7 Kxg7 14. Be2 Qf6 15. Rc1 c5 16. Bf3 Rb8 17. O-O Rd8 18.
Qd2 Bb7 19. Bxb7 Rxb7 20. Rfd1 Rbd7 21. Rc3 Qe5 22. Qc2 h5 23. h4 Qf6 24. g3 a5 25.
Rcd3 Re8 26. Qc4 Re6 27. Qa4 Qd8 28. Qc6 Qe7 29. Qa6 Rf6 30. Qxa5 Qe4 31. Qd2 Qf3 32. Re1 d5 33. e4 Qg4 34. Rxd5 Re7 35. e5 Rf3 36. Rd3 Re6 37. Rxf3 Qxf3 38. Qe3 Qd5 39. a4 Rb6 40. Rc1 Rxb3 41. Qxc5 Qe4 42. Qc4 Qf3 43.
e6 fxe6 44. Qxe6 Rb7 45. Qe5+ Kh6 46. a5 Rf7 47. Qd4 Kh7 48. Ra1 Qf5 49. a6 Qc8 50. a7 Qa8 51. Qb6 Rb7 52. Qxb7+ Qxb7 53. a8=Q 1-0

[Event "*** Titled Tuesday Blitz"]
[Site "Chess.com"]
[Date "2018.06.05"]
[Round "2"]
[White "OK97"]
[Black "Amirreza_p"]
[Result "1-0"]
[WhiteElo "2662"]
[BlackElo "2691"]
[TimeControl "180+2"]
[EndTime "13:26:11 PDT"]
[Termination "OK97 won by resignation"]

1. c4 e6 2. Nc3 d5 3. d4 c6 4. e4 dxe4 5. Nxe4 Bb4+ 6. Nc3 c5 7. Be3 Nf6 8. a3 cxd4 9. Qxd4 Qxd4 10. Bxd4 Be7 11.
Nb5 Na6 12. Nf3 Bd7 13. Ne5 Bxb5 14. cxb5 Nc5 15. Bc4 Rd8 16. Rd1 O-O 17. b4 Nce4 18. f3 Nd6 19. Bxa7 Nxc4 20. Nxc4 Rxd1+ 21. Kxd1 Rc8 22. Na5 Rc3 23. Ke2 Rxa3 24. Rc1 h5 25. b6 Nd5 26. Nxb7 Bxb4 27. Nc5 Ra2+ 28. Kd3 Nxb6 29. Bxb6 Rxg2 30. h4 Bxc5 31. Rxc5 g6 32. Rc8+ Kg7 33. Bd4+ f6 34. Rc7+ Kf8 35. Bxf6 Rg3 36. Ke4 Rg1 37. Kf4 Ke8 38. Re7+ Kf8 39. Rxe6 Kf7 40. Rc6 Rb1 41.
Bg5 Rb4+ 42. Kg3 Rb5 43. Rf6+ Kg7 44. Rd6 Kf7 45. Rd7+ Kf8 46. Rc7 Rb1 47. Bh6+ Kg8 48. Rg7+ Kh8 49. Ra7 Rb4 50. Bf4 Rb5 51. Re7 Kg8 52.
Kf2 Kf8 53. Re5 Rb4 54. Re4 Rb5 55. Be5 Kf7 56. Ke3 Rb3+ 57. Kf4 Rb1 58. Bd4 Rg1 59. Bxg1 1-0

[Event "*** Titled Tuesday Blitz"]
[Site "Chess.com"]
[Date "2018.06.05"]
[Round "2"]
[White "UNDERTAKER2001"]
[Black "lupta_robin"]
[Result "0-1"]
[WhiteElo "2361"]
[BlackElo "2422"]
[TimeControl "180+2"]
[EndTime "13:26:11 PDT"]
[Termination "lupta_robin won by resignation"]

1. d4 Nf6 2. c4 g6 3. Nc3 d5 4. Bg5 Ne4 5. Bh4 Nxc3 6. bxc3 dxc4 7. Nf3 Bg7 8. e3 Be6 9. Rb1 b6 10. Nd2 O-O 11. Qf3 c6 12. Bxc4 Bxc4 13. Nxc4 Qd5 14. Qxd5 cxd5 15. Nd2 Nc6 16. Ke2 Rfc8 17. Rhc1 e6 18.
c4 dxc4 19. Nxc4 Bf8 20. Bg3 Nb4 21. a3 Nd5 22. Kd3 Be7 23. Bd6 Kf8 24. Bxe7+ Kxe7 25. Ne5 f6 26. Nc6+ Kd6 27. Nb4 Rxc1 28. Rxc1 Ne7 29.
Na6 Rc8 30. Rc4 Rxc4 31. Kxc4 e5 32. dxe5+ Kxe5 33. Kb5 Kd6 34. a4 Nd5 35. Kc4 f5 36. Kd4 g5 37. Kc4 h6 38. Kd4 Ke6 39. Kc4 Kd6 40. Kd4 Nc7 41. Nxc7 Kxc7 42. Ke5 a5 43. Kxf5 b5 44. axb5 a4 45. e4 a3 46. e5 a2 47. e6 a1=Q 48. b6+ Kxb6 49. Kg6 Qh8 50. Kf7 Kc6 51. e7 Kd7 52. g4 Qe8+ 53. Kg7 Qxe7+ 54. Kxh6 Qf6+ 55. Kh5 Ke7 56. h4 gxh4 57. g5 Qf4 58. g6 h3 59. g7 Kf7 60. f3 Qxf3+ 61.
Kh6 Kg8 62. Kg5 h2 63. Kh4 h1=Q+ 0-1

[Event "*** Titled Tuesday Blitz"]
[Site "Chess.com"]
[Date "2018.06.05"]
[Round "2"]
[White "mazetofonias"]
[Black "gkchesstiger"]
[Result "0-1"]
[WhiteElo "2548"]
[BlackElo "2791"]
[TimeControl "180+2"]
[EndTime "13:26:20 PDT"]
[Termination "gkchesstiger won by resignation"]

1. d4 g6 2. Nf3 Bg7 3. c3 Nf6 4. Bg5 d6 5. Nbd2 h6 6. Bh4 O-O 7. e4 c5 8. dxc5 dxc5 9. Be2 Nh5 10. O-O Nc6 11. Re1 Qc7 12. Qc2 b6 13. Nc4 Bb7 14. Ne3 e6 15. Nd2 Nf4 16. Bf1 g5 17. Bg3 Rad8 18. a4 Ne5 19. Ndc4 Neg6 20. Rad1 h5 21. h3 Qc6 22. f3 h4 23. Bf2 Qc7 24. Ng4 Rxd1 25.
Rxd1 f5 26. exf5 exf5 27. Nge3 g4 28. fxg4 fxg4 29. Nxg4 Nxh3+ 30. Kh1 Nxf2+ 31. Nxf2 Qg3 32. Ne4 Qg4 33. Ncd6 Bxe4 34. Nxe4 Nf4 35. Re1 Kh8 36. Qd1 Qf5 37. Nd6 Qg6 38. Ne4 Nh5 39. Bd3 c4 40. Bc2 Nf4 41. Qf3 h3 42. gxh3 Nd3 43. Qe2 Nxe1 44.
Qxe1 Qh5 45. Nf2 Qf3+ 46. Kg1 Qg3+ 47. Kf1 Qxh3+ 48. Ke2 Qf3+ 49. Kf1 Qh1+ 50. Ke2 Re8+ 51. Be4 Rxe4+ 52. Nxe4 Qxe4+ 53. Kd1 Qxe1+ 54. Kxe1 Bh6 55. Kd1 Kg7 56. Kc2 Kf6 57. b3 0-1

[Event "*** Titled Tuesday Blitz"]
[Site "Chess.com"]
[Date "2018.06.05"]
[Round "2"]
[White "BartoszSocko"]
[Black "Duhless"]
[Result "1-0"]
[WhiteElo "2618"]
[BlackElo "2808"]
[TimeControl "180+2"]
[EndTime "13:26:22 PDT"]
[Termination "BartoszSocko won by resignation"]

1. e4 g6 2. d4 Bg7 3. Nc3 d6 4. Be3 a6 5. a4 Nd7 6. Nge2 Ngf6 7. h3 O-O 8. g4 e5 9. Bg2 exd4 10. Bxd4 Ne5 11. O-O c5 12. Be3 Re8 13. b3 Be6 14. Qd2 Rc8 15. Rad1 Nc6 16. Qxd6 Qxd6 17. Rxd6 c4 18.
f4 cxb3 19. cxb3 Bxb3 20. e5 Bc4 21. Kf2 Nb4 22. exf6 Bf8 23. Rd7 Nd3+ 24. Kf3 b5 25. axb5 axb5 26. Nd5 Bxd5+ 27. Rxd5 Nb4 28. Rxb5 Nc2 29.
Bg1 Rcd8 30. Re5 Rd3+ 31. Ke4 Red8 32. Rc1 Rd2 33. Bf1 Ba3 34. Rb1 Bd6 35. Reb5 Re8+ 36. Kf3 Rd3+ 37. Kg2 Rd2 38. Re5 Bxe5 39. fxe5 h5 40. Kf3 hxg4+ 41. hxg4 Rxe5 42. Nf4 Re1 43. Rxe1 Nxe1+ 44. Ke4 Nc2 45. Bc4 Rd1 46. Bf2 Rd2 47. Bc5 g5 48. Nh3 Rg2 49. Kf5 Kh8 50. Nxg5 Rg3 51. Nxf7+ Kh7 52. Ng5+ Kh8 53. f7 Ne3+ 54.
Bxe3 1-0

[Event "*** Titled Tuesday Blitz"]
[Site "Chess.com"]
[Date "2018.06.05"]
[Round "2"]
[White "Blitzking4444"]
[Black "PawnEatingZombie"]
[Result "1-0"]
[WhiteElo "2068"]
[BlackElo "2030"]
[TimeControl "180+2"]
[EndTime "13:26:23 PDT"]
[Termination "Blitzking4444 won by resignation"]

1. e4 c5 2. Nf3 e6 3. d4 cxd4 4. Nxd4 a6 5. c4 Nf6 6. Nc3 Bb4 7. Qd3 O-O 8. f3 d5 9. e5 Nfd7 10. Bf4 Nc6 11. Nxc6 bxc6 12. O-O-O a5 13. a3 Be7 14. Qc2 Ba6 15. Bd3 Bg5 16. Qd2 Bxf4 17. Qxf4 Qb8 18. Rhe1 Nc5 19. Qh4 Nxd3+ 20. Rxd3 Bxc4 21. Rd4 Qb3 22. Red1 Rab8 23. R1d2 f5 24. exf6 Rxf6 25. Rg4 Rbf8 26. Qg3 Qb7 27. h4 R6f7 28. h5 Qc7 29.
Qh4 Qe5 30. h6 g6 31. Qf2 Rf4 32. Rxf4 Qxf4 33. Qc5 Qxh6 34. Qxc6 Qe3 35. Kc2 Qe5 36. b3 Bf1 37. Rf2 Qf5+ 38. Kb2 Bd3 39. Nb5 Bxb5 40. Qxb5 Qe5+ 41. Ka2 Qd6 42. Qxa5 Rd8 43. Qd2 d4 44. Re2 d3 45. Re3 e5 46. Kb2 Qd4+ 47. Ka2 Kg7 48. Re4 Qd5 49. Re3 Rd7 50. Re4 Rc7 51. Rc4 Rxc4 52. bxc4 Qxc4+ 53. Kb2 Qd4+ 54. Kb1 Qc4 55. Kb2 e4 56. fxe4 Qxe4 57. Qc3+ Kh6 58. Qd2+ Kh5 59. Qd1+ Kh4 60. Qe1+ Kh5 61. Qxe4 1-0

[Event "*** Titled Tuesday Blitz"]
[Site "Chess.com"]
[Date "2018.06.05"]
[Round "2"]
[White "Zhuu96"]
[Black "Patzel09"]
[Result "1-0"]
[WhiteElo "2929"]
[BlackElo "2582"]
[TimeControl "180+2"]
[EndTime "13:26:27 PDT"]
[Termination "Zhuu96 won by resignation"]

1. e4 g6 2. d4 c6 3. Nf3 d5 4.
Bd3 dxe4 5. Bxe4 Nf6 6. Bd3 Bg7 7. h3 O-O 8. O-O Nbd7 9. Re1 b6 10. c4 c5 11. d5 b5 12. cxb5 Bb7 13. Nc3 Nb6 14. Ne5 Nfxd5 15. Nxd5 Qxd5 16. Nc6 Bxc6 17. bxc6 Rad8 18.
c7 Rc8 19. Rxe7 c4 20. Bc2 Qxd1+ 21. Bxd1 Nd5 22. Rd7 Nb6 23. Re7 Nd5 24. Rd7 Nb6 25. Rd6 Rxc7 26. Bf3 Re8 27. Rd1 Na4 28. Bf4 Rce7 29.
Bd6 Re6 30. Ba3 Nxb2 31. Rd7 Nd3 32. Rd1 Re1+ 33. Rxe1 Rxe1+ 34. Kh2 Be5+ 35. g3 Rf1 36. Bd5 Rxf2+ 37. Kg1 Bd4 38. Bxc4 Bb6 39. Rxd3 Rc2+ 40.
Kf1 Rxc4 41. Be7 Rd4 42. Rc3 Rd2 43. a3 Kg7 44. Bb4 Rf2+ 45. Ke1 Rh2 46. h4 Ra2 47.
Bd6 Kf6 48. Bb4 Ke6 49. Rc6+ Kf5 50. Kd1 Kg4 51. Rf6 Rf2 52. Rd6 Kxg3 53. Be1 Kg4 54. Rxb6 Ra2 55. Rb4+ Kf3 56. Rb3+ Ke4 57. Bd2 Ra1+ 58.
Ke2 Rh1 59. Rb4+ Kf5 60. Rf4+ Ke6 61. Ra4 Rh2+ 62. Kd3 Rh3+ 63. Be3 f5 64. Ke2 Rh2+ 65.
Bf2 h6 66. Ra6+ Kd5 67. Rxg6 Rh3 68. Ra6 Ke4 69. Ra4+ Ke5 70. Rxa7 Rb3 71. Ra5+ Kf4 72. Ra4+ Ke5 73. Be3 Rb2+ 74. Kf3 Rb3 75. Ra5+ Ke6 76. h5 Kf6 77. a4 1-0